 Dungeon Crawl Stone Soup version 0.26.0-10-g1f06aea511 (webtiles) character file.

Game seed: 7502554466695733330

602 Borgoz the Slasher (level 7, -3/59 HPs)
             Began as a Ghoul Gladiator on Jan 30, 2021.
             Was an Initiate of Ashenzari.
             Slain by an orc warrior
             ... wielding a +0 war axe
              (15 damage)
             ... on level 6 of the Dungeon.
             The game lasted 00:07:54 (5299 turns).

Borgoz the Slasher (Ghoul Gladiator)                Turns: 5299, Time: 00:07:54

Health: -3/59      AC:  5    Str: 18    XL:     7   Next: 41%
Magic:  6/6        EV: 13    Int:  3    God:    Ashenzari [......]
Gold:   284        SH:  0    Dex: 12    Spells: 6/6 levels left

rFire    . . .     SeeInvis .   b - +2 dagger (venom)
rCold    + + .     Faith    .   (no shield)
rNeg     + + +     Spirit   .   l - +0 leather armour
rPois    ∞         Reflect  .   c - +1 helmet
rElec    .         Harm     .   (no cloak)
rCorr    .         Rampage  .   (no gloves)
Will     .....                  (no boots)
Stlth    +.........             q - amulet of inaccuracy (curse)
HPRegen  0.00/turn              f - ring of protection from cold (curse)
MPRegen  0.10/turn              (no ring)

@: no status effects
A: claws 1, cold resistance 1, negative energy resistance 3, inhibited
regeneration, torment resistance, unbreathing
a: Renounce Religion, Curse Item


You were on level 6 of the Dungeon.
You worshipped Ashenzari.
Ashenzari was noncommittal.
You visited 2 branches of the dungeon, and saw 7 of its levels.

You collected 284 gold pieces.

Inventory:

Hand Weapons
 a - a +0 long sword
 b - a +2 dagger of venom (weapon)
Missiles
 d - 2 throwing nets (quivered)
Armour
 c - a +1 helmet (worn)
 l - a +0 leather armour (worn)
Jewellery
 f - a cursed ring of protection from cold (left claw)
 h - a cursed amulet of guardian spirit
 q - a cursed amulet of inaccuracy (around neck)
 u - an uncursed ring of wizardry
Wands
 e - a wand of digging (4)
 t - a wand of polymorph (4)
Scrolls
 i - 2 scrolls of teleportation
 k - 2 scrolls of remove curse
 s - a scroll of amnesia
 v - 2 scrolls of identify
 x - a scroll of enchant armour
Potions
 g - 3 potions of curing
 j - a potion of flight
 m - 2 potions of mutation {unknown}
 n - 2 potions of resistance
 o - a potion of haste
 p - a potion of magic {unknown}
 r - a potion of lignification {unknown}
 w - a potion of brilliance {unknown}


   Skills:
 + Level 4.0 Fighting
 * Level 4.9 Long Blades
 - Level 1.7 Throwing
 * Level 3.8 Armour
 + Level 3.9 Dodging


You had 6 spell levels left.
You didn't know any spells.
Your spell library contained the following spells:

 Spells                   Type           Power        Failure   Level
 Magic Dart               Conj           0%           58%         1
 Summon Small Mammal      Summ           0%           58%         1
 Blink                    Tloc           N/A          73%         2
 Call Imp                 Summ           0%           73%         2
 Slow                     Hex            0%           73%         2
 Call Canine Familiar     Summ           0%           91%         3
 Conjure Flame            Conj/Fire      0%           91%         3
 Mephitic Cloud           Conj/Pois/Air  0%           91%         3
 Summon Guardian Golem    Hex/Summ       0%           91%         3
 Summon Ice Beast         Ice/Summ       0%           100%        4
 Summon Lightning Spire   Summ/Air       0%           100%        4
 Silence                  Hex/Air        0%           100%        5
 Conjure Ball Lightning   Conj/Air       0%           100%        6
 Tornado                  Air            0%           100%        9
 Beastly Appendage        Tmut           Unusable     N/A         1
 Wereblood                Tmut           Unusable     N/A         2
 Spider Form              Tmut/Pois      Unusable     N/A         3
 Ice Form                 Ice/Tmut       Unusable     N/A         4
 Blade Hands              Tmut           Unusable     N/A         5

Dungeon Overview and Level Annotations

Branches:
Dungeon (6/15)             Temple (1/1) D:5

Altars:
Ashenzari
Cheibriados
Dithmenos
Elyvilon
Fedhas
Gozag
Hepliaklqana
Kikubaaqudgha
Makhleb
Nemelex Xobeh
Okawaru
Qazlal
Ru
Sif Muna
Trog
Uskayaw
Vehumet
Wu Jian
Xom
Yredelemnul
Zin
The Shining One


Innate Abilities, Weirdness & Mutations

You thrive by killing the living.
You are immune to poison.
You have sharp fingernails.
Your flesh is cold resistant. (rC+)
You are immune to negative energy. (rN+++)
You do not regenerate when monsters are visible.
You are immune to unholy pain and torment.
You can survive without breathing.


Message History

* * * LOW HITPOINT WARNING * * *
The orc barely misses you. The orc completely misses you.
You feel better. The orc priest misses you.
The orc warrior hits you with a +0 war axe!!
* * * LOW HITPOINT WARNING * * *
The orc hits you but does no damage. The orc barely misses you.
You feel better. The orc priest barely misses you.
The orc hits you but does no damage. The orc warrior closely misses you.
The orc completely misses you.
You feel better. The orc priest hits you. The orc barely misses you.
The orc warrior misses you.
You barely miss the orc priest. The orc hits you with a +0 falchion.
The orc priest hits you.
* * * LOW HITPOINT WARNING * * *
You miss the orc priest. The orc hits you with a +0 club.
* * * LOW HITPOINT WARNING * * *
The orc hits you with a +0 falchion.
* * * LOW HITPOINT WARNING * * *
The orc warrior hits you with a +0 war axe!
You die...

#.........#....#....# ##
#.........#...##....# .#
#.
###############.....#..#
#. #.#####..# #.
#........# ######
#........# ......
#........# ......
#.?......# ......
#o@[.....# ......
#ooo.....# .###..
#........# ##..
#........# .....
#......$.# .....
#........# .....
#........# ##+##
##########


You could see an orc warrior, an orc priest and 2 orcs.

Vanquished Creatures
  An ice beast (D:3)
  A centaur (D:6)
  A jelly (D:6)
  An orc priest (D:6)
  Jessica (D:2)
  A centaur skeleton (D:5)
  Terence (D:3)
  Ijyb (D:2)
  4 worker ants
  A howler monkey zombie (D:6)
  A worker ant zombie (D:5)
  2 adders
  An ufetubus (D:5)
  3 oozes
  An adder skeleton (D:5)
  A worm (D:3)
  3 dart slugs
  7 leopard geckos
  3 orcs
  10 giant cockroaches
  8 goblins
  7 hobgoblins
  10 jackals
  3 quokkas
  2 ball pythons (D:2)
  9 bats
  5 frilled lizards
  2 gnoll zombies (D:3)
  4 kobolds
  A quokka skeleton (D:5)
  9 rats
105 creatures vanquished.

Notes
Turn   | Place    | Note
-------+----------+-------------------------------------------
     0 | D:1      | Borgoz the Ghoul Gladiator began the quest for the Orb.
     0 | D:1      | Reached XP level 1. HP: 17/17 MP: 0/0
    83 | D:1      | Reached XP level 2. HP: 11/25 MP: 1/1
   325 | D:1      | Reached skill level 1 in Armour
   390 | D:1      | Reached XP level 3. HP: 30/30 MP: 2/2
   870 | D:2      | Noticed Jessica
   875 | D:2      | Killed Jessica
   876 | D:2      | Reached XP level 4. HP: 36/37 MP: 3/3
  1705 | D:3      | Noticed Ijyb
  1715 | D:2      | Reached XP level 5. HP: 44/44 MP: 4/4
  1723 | D:2      | Killed Ijyb
  2164 | D:3      | Found a basalt altar of Yredelemnul.
  2186 | D:3      | Noticed Terence
  2193 | D:3      | Killed Terence
  2392 | D:3      | Found a burning altar of Makhleb.
  2392 | D:3      | Noticed a blizzard demon
  2469 | D:3      | Found a faded altar of an unknown god.
  2552 | D:3      | Noticed an ice beast
  2585 | D:3      | Killed an ice beast
  2586 | D:3      | Reached XP level 6. HP: 9/51 MP: 5/5
  3813 | D:4      | Found an iron altar of Okawaru.
  3833 | D:5      | Entered Level 5 of the Dungeon
  3857 | D:5      | Found a staircase to the Ecumenical Temple.
  3935 | Temple   | Entered the Ecumenical Temple
  4160 | Temple   | Became a worshipper of Ashenzari the Shackled
  4746 | D:5      | Found a bloodstained altar of Trog.
  4880 | D:5      | Reached XP level 7. HP: 52/58 MP: 6/6
  5146 | D:6      | Found a sparkling altar of Nemelex Xobeh.
  5299 | D:6      | Slain by an orc warrior

Illustrated notes

Levels and vault maps discovered:
D:1:      nzn_arrival_depleted_hourglass, layout_rooms
D:2:      layout_loops_corners, grunt_decor_arrowhead, uniq_jessica
D:3:      layout_basic, makhleb_altar_promises_db,
          lemuel_zombie_altar_yredelemnul, chequers_ecumenical_altar_island,
          uniq_ijyb, uniq_terence
D:4:      layout_gridville, kennysheep_mini, hangedman_abyss_or_decor_stabs
D:5:      layout_loops_cross, lightli_temple_of_fire,
          minmay_temple_entry_offerings
D:6:      minmay_chambers_of_sixes, layout_gridville, basic_altar
Temple:   eino_narrow_crystal_temple

Skill      XL: |  1  2  3  4  5  6  7 |
---------------+----------------------+-----
Long Blades    | 3 4 |  4.9
Armour         | 1 2 3 |  3.8
Dodging        | 3 |  3.9
Fighting       | 3 4 |  4.0
Throwing       | |  1.7

Action                   |  1- 3 |  4- 6 |  7- 9 || total
-------------------------+-------+-------+-------++-------
Melee: Long sword        |   103 |   165 |       ||   268
       Dagger            |       |    89 |    44 ||   133
Throw: Throwing net      |       |     3 |       ||     3
  Use: Potion            |       |     1 |     4 ||     5
       Scroll            |       |     9 |       ||     9
 Stab: Held in net/web   |       |     1 |       ||     1
Armor: Leather armour    |    34 |    65 |    17 ||   116
Dodge: Dodged            |    87 |   164 |    44 ||   295
       Rpst.: Long sword |    20 |    41 |       ||    61
